Map: [ESL] Oceanborn

Players

Lambo

  • Race: Zerg Zerg
  • Spawn Location: 5:00

Clem - Winner!

  • Race: Terran Terran
  • Spawn Location: 11:00

Event: ESL SC2 Masters 2023 Winter (Regional)

VOD

Have the link to the VOD?

Description

Time

  • Played on: Nov. 1, 2023, 1:51 p.m.
  • Length: 17:08

All games in this series

Show
View Real Time Build Order
Export as new Build Order

Lambo Zerg 

Build Orders: Hatch First 

Get SALT Encoding   

  12  0:00  Drone  
  13  0:07  Drone  
  14  0:15  Extractor, Drone  
  15  0:36  Hatchery  
  15  0:41  Extractor, Drone  
  15  0:47  Overlord  
  15  1:02  Spawning Pool  
  14  1:05  Drone  
  14  1:08  Drone  
  16  1:12  Drone  
  16  1:16  Drone  
  18  1:26  Extractor  
  18  1:28  Drone  
  18  1:37  Drone  
  19  1:48  Drone  
  19  1:49  Queen x2  
  19  1:50  Drone  
  25  1:58  Drone  
  26  2:12  Hatchery  
  26  2:14  Drone  
  26  2:17  Drone  
  26  2:22  Overlord  
  28  2:30  Drone  
  28  2:40  Drone x3  
  28  2:41  Queen  
  33  2:46  Overlord  
  33  2:50  Metabolic Boost  
  33  2:54  Drone  
  33  2:57  Drone  
  35  2:59  Drone  
  36  3:06  Queen  
  36  3:08  Drone x2  
  36  3:10  Drone  
  36  3:11  Drone  
  42  3:14  Drone  
  42  3:17  Overlord  
  43  3:24  Queen  
  43  3:25  Drone  
  46  3:31  Zergling x6  
  49  3:34  Queen  
  49  3:38  Overlord  
  49  3:40  Drone  
  52  3:42  Drone  
  52  3:44  Zergling x2  
  52  3:47  Overlord  
  54  3:49  Drone x2  
  54  3:54  Queen  
  58  3:57  Overlord  
  58  3:59  Zergling x2  
  59  4:06  Drone  
  59  4:08  Overlord  
  62  4:10  Drone x4  
  62  4:14  Zergling x2  
  62  4:17  Queen  
  61  4:23  Queen  
  61  4:24  Overlord  
  64  4:25  Drone x3  
  67  4:32  Zergling x8  
  67  4:38  Drone  
  71  4:40  Drone x2  
  71  4:42  Lair  
  71  4:45  Extractor  
  72  4:46  Drone  
  72  4:48  Drone x3  
  72  4:49  Drone  
  77  4:53  Drone  
  77  4:57  Queen  
  77  4:58  Drone, Queen  
  83  5:05  Drone x2  
  85  5:15  Hatchery  
  85  5:16  Drone  
  85  5:18  Extractor, Drone  
  85  5:19  Extractor, Drone  
  85  5:21  Overlord  
  85  5:24  Drone x2  
  85  5:26  Drone  
  85  5:27  Baneling Nest  
  85  5:28  Drone  
  88  5:33  Zergling x2, Overlord  
  89  5:37  Overlord  
  89  5:38  Queen  
  89  5:39  Overlord x2  
  89  5:41  Evolution Chamber  
  89  5:42  Evolution Chamber  
  89  5:43  Overlord x2  
  89  5:44  Overlord  
  89  5:47  Drone x2  
  89  5:49  Zergling x4  
  93  5:54  Zergling x6  
  93  5:56  Zergling x2  
  95  6:00  Zergling x4  
  97  6:04  Zergling x6  
  97  6:10  Zergling x2  
  97  6:11  Zergling x6, Hatchery  
  104  6:13  Baneling x3  
  104  6:14  Zerg Ground Armor Level 1  
  104  6:17  Zerg Melee Weapons Level 1  
  105  6:18  Zergling x2  
  105  6:19  Zergling x2  
  105  6:20  Drone  
  107  6:27  Drone x5  
  107  6:31  Drone x5  
  116  6:42  Drone x4  
  116  6:46  Hydralisk Den  
  117  6:47  Extractor  
  117  6:48  Drone  
  117  6:49  Drone x2  
  119  6:55  Drone  
  119  6:58  Baneling  
  119  6:59  Baneling x3  
  120  7:01  Drone x8  
  120  7:07  Extractor, Overlord  
  127  7:10  Centrifugal Hooks  
  127  7:12  Zergling x12  
  127  7:13  Pneumatized Carapace  
  133  7:18  Grooved Spines  
  133  7:24  Zergling x16  
  133  7:26  Overseer  
  133  7:27  Overlord  
  143  7:31  Overlord  
  143  7:36  Overlord  
  143  7:37  Infestation Pit  
  143  7:39  Baneling x3, Overlord  
  143  7:40  Overlord  
  143  7:42  Zergling x26  
  155  7:48  Zergling x2  
  155  7:50  Baneling x2  
  155  7:51  Baneling x2  
  155  7:55  Zergling x10  
  158  8:00  Zergling x8  
  154  8:06  Zergling x10  
  154  8:08  Muscular Augments  
  154  8:10  Hydralisk  
  154  8:11  Hydralisk x7  
  154  8:12  Extractor  
  171  8:16  Hive, Zerg Ground Armor Level 2  
  171  8:17  Zerg Missile Weapons Level 1  
  171  8:20  Drone  
  171  8:21  Drone x4  
  171  8:24  Spore Crawler  
  171  8:26  Zergling x6  
  177  8:28  Baneling x4  
  176  8:35  Zergling x22  
  176  8:39  Zergling x8  
  176  8:40  Hatchery  
  185  8:45  Overseer, Overlord  
  185  8:48  Zergling x8  
  188  8:53  Zergling x6  
  178  8:58  Zergling x14  
  178  9:02  Baneling x7  
  184  9:03  Zergling x10  
  188  9:12  Zergling x12, Spore Crawler  
  188  9:13  Baneling x12  
  193  9:19  Zergling x4  
  193  9:23  Zergling x10  
  200  9:24  Baneling x3  
  200  9:30  Zergling x2  
  199  9:34  Adrenal Glands  
  199  9:35  Overlord x2  
  199  9:38  Hatchery  
  198  9:41  Baneling  
  198  9:42  Baneling x5  
  198  9:43  Spore Crawler  
  197  9:51  Zergling x24  
  189  9:55  Zergling x22  
  190  10:05  Zergling x14  
  195  10:11  Drone x2  
  195  10:13  Zerg Melee Weapons Level 2, Lurker Den  
  196  10:19  Zergling x6  
  196  10:20  Zergling x2  
  199  10:24  Zergling x10  
  199  10:27  Zergling x2  
  199  10:28  Zergling x10  
  190  10:34  Zergling x10  
  179  10:38  Hydralisk x5  
  186  10:44  Hydralisk x3  
  186  10:49  Hydralisk x6  
  195  10:51  Baneling x6  
  190  11:07  Baneling x4  
  190  11:08  Hydralisk x6  
  190  11:11  Zerg Ground Armor Level 3  
  198  11:15  Zergling x12  
  189  11:19  Zergling x12  
  189  11:22  Baneling x5  
  189  11:23  Zergling x4  
  189  11:25  Viper  
  189  11:28  Viper  
  189  11:29  Viper  
  189  11:32  Zergling x6  
  194  11:40  Zergling x6  
  194  11:45  Burrow  
  194  11:46  Infestor  
  196  11:48  Baneling x6  
  196  11:50  Hatchery  
  193  11:54  Zergling x10  
  193  11:55  Zergling x2  
  193  12:00  Extractor, Lurker Den  
  197  12:02  Baneling x2  
  197  12:07  Overseer  
  197  12:13  Overlord  
  197  12:14  Overlord  
  197  12:17  Zergling x6  
  197  12:21  Zergling x8  
  197  12:24  Zergling x6  
  195  12:41  Zergling x18  
  182  12:44  Zergling x32  
  196  12:51  Zergling x6  
  196  12:56  Zergling x12  
  197  13:00  Zergling x4  
  197  13:05  Baneling x11  
  199  13:12  Lurker Den  
  196  13:14  Zergling x6  
  196  13:19  Infestor x2  
  196  13:28  Zergling x8  
  196  13:30  Baneling x5  
  200  13:39  Zergling x10  
  199  13:44  Zergling x8  
  191  13:49  Zergling x10  
  191  13:53  Infestor x3  
  191  14:00  Zergling x2  
  191  14:01  Zergling x8  
  187  14:04  Zergling x6  
  190  14:10  Zergling x4  
  190  14:14  Zergling x4  
  189  14:17  Drone  
  189  14:20  Drone x3  
  191  14:24  Zergling x2  
  191  14:25  Zergling x6  
  191  14:30  Zergling x6  
  192  14:36  Seismic Spines  
  193  14:38  Zergling x8  
  183  14:45  Zergling x8  
  183  14:50  Zergling x4  
  183  14:52  Zergling x4  
  173  14:55  Zergling x2  
  173  14:58  Zergling x6  
  173  14:59  Infestor  
  173  15:04  Infestor x2  
  170  15:11  Zergling x14  
  170  15:13  Zergling x2  
  170  15:14  Zergling x2  
  159  15:15  Lurker x8  
  159  15:18  Zergling x6  
  168  15:21  Zergling x2  
  168  15:22  Zergling x6  
  168  15:24  Zergling x2  
  168  15:28  Zergling x6  
  165  15:30  Infestor  
  165  15:32  Zergling x2  
  165  15:34  Adaptive Talons  
  163  15:38  Zergling x6  
  163  15:40  Infestor  
  160  15:50  Lurker x8  
  160  15:56  Zergling x10  
  171  15:59  Hatchery  
  171  16:01  Zergling x6  
  160  16:12  Zergling x18  
  160  16:17  Zergling x6  
  159  16:19  Zergling x2  
  155  16:28  Zergling x2  
  155  16:29  Zergling x8  
  155  16:31  Overseer  
  147  16:32  Zergling x2  
  147  16:33  Zergling x4  
  140  16:41  Zergling x6  
  140  16:43  Zergling x4  
Show
View Real Time Build Order
Export as new Build Order

Clem Terran - Winner!

Build Orders: Reaper Expand 

Get SALT Encoding   

  12  0:00  SCV  
  13  0:12  SCV  
  14  0:17  Supply Depot  
  14  0:24  SCV  
  15  0:39  SCV  
  15  0:40  Barracks  
  15  0:42  Refinery  
  16  0:51  SCV  
  17  1:03  SCV  
  18  1:15  SCV  
  19  1:27  Orbital Command, Reaper  
  20  1:38  Command Center  
  20  1:46  Supply Depot  
  20  1:52  SCV  
  21  1:58  Marine  
  22  2:04  SCV  
  23  2:10  Factory  
  23  2:16  SCV  
  23  2:19  Barracks Reactor  
  24  2:29  SCV  
  25  2:38  Command Center  
  25  2:42  SCV  
  26  2:50  Orbital Command  
  26  2:54  SCV  
  27  3:01  Cyclone  
  27  3:04  Cyclone  
  31  3:07  SCV  
  31  3:09  Barracks Tech Lab  
  32  3:15  Barracks  
  32  3:17  SCV  
  33  3:20  SCV  
  33  3:26  Refinery  
  34  3:27  Marine  
  34  3:30  SCV  
  34  3:32  SCV  
  37  3:38  Hellion x2  
  41  3:42  SCV  
  41  3:44  SCV  
  41  3:45  Stimpack, Marine  
  44  3:50  Orbital Command  
  44  3:55  SCV  
  45  3:56  SCV  
  46  4:03  Marine  
  46  4:06  Hellion x2  
  46  4:07  SCV  
  46  4:09  SCV  
  52  4:19  SCV x2  
  52  4:20  Starport  
  52  4:21  SCV  
  54  4:24  Marine  
  54  4:25  Supply Depot  
  54  4:31  SCV x2  
  57  4:34  Marine x2  
  57  4:36  Factory Reactor  
  57  4:37  SCV  
  60  4:39  Supply Depot  
  60  4:43  SCV  
  61  4:47  Marine  
  61  4:48  SCV, Engineering Bay  
  61  4:49  Supply Depot, SCV, Engineering Bay  
  61  4:51  Marine  
  64  4:53  Marine  
  64  4:55  SCV  
  66  5:00  SCV  
  66  5:01  SCV  
  66  5:03  Supply Depot  
  66  5:04  Marine  
  66  5:06  Orbital Command  
  69  5:08  Barracks, Refinery  
  69  5:09  Marine  
  69  5:13  SCV x2  
  69  5:14  Marine  
  72  5:18  Terran Infantry Weapons Level 1, Factory Tech Lab  
  72  5:19  Medivac, Refinery  
  72  5:20  Medivac  
  77  5:21  Supply Depot  
  77  5:25  SCV x2  
  77  5:27  Marine  
  80  5:29  Marine  
  80  5:32  Combat Shield, SCV  
  80  5:33  Marine  
  83  5:37  SCV  
  83  5:38  SCV  
  83  5:41  Barracks  
  83  5:42  Barracks  
  85  5:44  Marine  
  85  5:46  Supply Depot  
  85  5:47  Terran Infantry Armor Level 1  
  85  5:48  SCV  
  85  5:49  Marine, SCV  
  88  5:52  SCV, Marine  
  92  6:00  SCV  
  92  6:02  Supply Depot, Marine  
  92  6:03  Supply Depot  
  92  6:04  Refinery  
  94  6:05  Factory  
  94  6:07  Barracks Reactor, SCV  
  94  6:08  SCV  
  94  6:10  Marine  
  96  6:12  SCV, Marine  
  98  6:18  Siege Tank, Supply Depot  
  98  6:20  SCV  
  98  6:22  Marine  
  98  6:23  Armory  
  98  6:24  SCV  
  103  6:27  SCV  
  103  6:28  Barracks Reactor, Marine  
  103  6:29  Marine  
  103  6:30  Barracks Reactor  
  103  6:34  Supply Depot  
  103  6:36  SCV  
  97  6:40  Marine, SCV  
  97  6:42  SCV  
  97  6:46  Marine x2  
  99  6:48  Marine  
  99  6:49  Marine  
  99  6:50  Command Center, Factory Reactor  
  99  6:51  Medivac  
  103  6:58  Marine  
  103  6:59  Supply Depot  
  103  7:00  Supply Depot  
  104  7:02  Widow Mine  
  104  7:04  Marine x2, Medivac  
  104  7:05  Marine x3  
  104  7:06  Marine  
  104  7:07  Marine x2  
  116  7:13  Refinery  
  116  7:15  Terran Infantry Weapons Level 2, Marine  
  116  7:18  Drilling Claws  
  116  7:22  Marine x2, Supply Depot  
  119  7:25  Marine  
  119  7:28  Barracks, Marine  
  119  7:29  Barracks x2, Marine  
  122  7:32  Widow Mine x3  
  122  7:34  Medivac  
  122  7:36  Marine  
  131  7:38  Marine x2  
  131  7:40  Marine  
  134  7:44  Marine, Medivac  
  134  7:45  Marine  
  134  7:47  Sensor Tower  
  134  7:49  Marine  
  134  7:50  Marine x2  
  141  7:53  Widow Mine  
  141  7:54  Marine  
  141  7:55  Marine  
  141  7:56  Marine  
  148  7:58  Widow Mine  
  148  8:02  Supply Depot  
  148  8:03  Supply Depot  
  148  8:07  Terran Infantry Armor Level 2, Marine  
  148  8:11  Widow Mine, Marine  
  148  8:12  Marine  
  144  8:13  Marine  
  144  8:17  Widow Mine  
  147  8:21  Sensor Tower, Marine  
  147  8:26  Marine x2, Widow Mine  
  152  8:27  Barracks Tech Lab x3  
  152  8:30  Terran Vehicle And Ship Armor Level 1  
  152  8:33  Widow Mine  
  154  8:35  Marine  
  154  8:38  Marine x2, Medivac x2  
  154  8:39  Widow Mine  
  154  8:40  Planetary Fortress  
  157  8:42  SCV  
  157  8:47  Widow Mine  
  160  8:54  Widow Mine  
  159  8:56  Marine x2  
  159  8:59  Marauder x2  
  159  9:00  Widow Mine  
  171  9:02  Marine  
  171  9:03  Marauder x2  
  171  9:04  SCV x3  
  171  9:08  Medivac  
  171  9:09  Marine x2  
  176  9:12  Medivac  
  176  9:13  Marine, Widow Mine  
  183  9:18  Marine x2  
  183  9:20  Widow Mine, Marauder  
  183  9:22  SCV, Marine  
  183  9:23  SCV  
  191  9:25  Concussive Shells  
  191  9:26  Supply Depot  
  191  9:27  SCV  
  191  9:28  SCV  
  193  9:37  Terran Infantry Weapons Level 3  
  195  9:38  Marauder  
  195  9:39  Ghost Academy  
  195  9:43  SCV  
  195  9:44  Command Center  
  196  9:47  Widow Mine  
  196  9:48  Marauder  
  196  9:52  Widow Mine  
  194  9:54  Medivac, Widow Mine  
  194  9:58  Marine x3  
  197  10:03  Marauder  
  197  10:05  Marauder, Marine  
  198  10:07  SCV, Refinery  
  198  10:12  Marine  
  200  10:18  Command Center  
  200  10:24  Widow Mine  
  191  10:29  Widow Mine  
  191  10:30  Marine  
  187  10:39  Medivac x2  
  187  10:40  Widow Mine  
  187  10:41  Marauder, Marine  
  196  10:46  Marine  
  196  10:49  Widow Mine  
  199  10:53  Marine  
  199  10:56  Command Center  
  200  10:58  Ghost, Command Center  
  200  11:00  Terran Infantry Armor Level 3  
  196  11:09  Medivac, Terran Vehicle And Ship Armor Level 2  
  193  11:13  Widow Mine  
  193  11:14  Marauder  
  193  11:16  Medivac, Marine  
  193  11:18  Widow Mine  
  185  11:25  Widow Mine  
  178  11:27  Marine  
  178  11:31  Marine x3  
  178  11:32  Marine x4  
  177  11:33  Marine, Marauder x2  
  177  11:35  Orbital Command  
  177  11:39  Medivac  
  182  11:45  Widow Mine  
  182  11:46  Medivac, Marine x2  
  188  11:50  Ghost, Widow Mine  
  188  11:52  Widow Mine  
  188  11:53  Ghost  
  195  11:56  Planetary Fortress, Missile Turret  
  195  12:00  Sensor Tower  
  195  12:01  Refinery  
  195  12:02  Refinery  
  195  12:03  Command Center  
  195  12:09  Ghost, Medivac  
  195  12:11  Command Center  
  199  12:16  Medivac  
  199  12:19  Widow Mine  
  199  12:21  Widow Mine x2  
  195  12:23  Ghost  
  195  12:26  Ghost x2  
  198  12:39  Medivac  
  198  12:42  Marine  
  199  12:48  Marine  
  193  12:52  Ghost  
  193  12:55  Widow Mine, Medivac  
  193  12:56  Ghost  
  186  13:01  Marauder  
  186  13:02  Marine x3  
  186  13:03  Marauder, Marine x3  
  186  13:05  Widow Mine  
  194  13:06  Marine, Widow Mine  
  194  13:07  Marine  
  194  13:09  Medivac  
  199  13:26  Marine, Marauder  
  192  13:29  Liberator  
  192  13:30  Marauder, Widow Mine, Marine  
  197  13:42  Terran Vehicle And Ship Armor Level 3  
  197  13:43  Widow Mine  
  197  13:44  Orbital Command  
  191  13:49  Marauder  
  191  13:51  Widow Mine, Marine  
  191  13:53  Marine  
  191  13:55  Liberator  
  191  14:00  Widow Mine  
  182  14:03  Marine, Marauder  
  182  14:04  Widow Mine, Marine x5  
  182  14:07  Marauder x2  
  182  14:08  Marine  
  182  14:09  Ghost  
  189  14:12  Hi-Sec Auto Tracking, Neosteel Armor  
  189  14:13  Personal Cloaking  
  189  14:15  Widow Mine  
  193  14:17  Medivac  
  193  14:21  Widow Mine  
  193  14:23  Ghost  
  197  14:25  Marine  
  197  14:26  Widow Mine  
  197  14:28  Planetary Fortress  
  200  14:34  Orbital Command x2  
  200  14:41  Missile Turret  
  200  14:42  Sensor Tower, Ghost, Refinery  
  200  14:45  Refinery  
  193  14:46  Widow Mine  
  193  14:49  Widow Mine  
  193  14:50  Marauder  
  193  14:51  Marauder, Marine  
  183  14:53  Marine  
  183  14:57  Widow Mine  
  183  14:59  Ghost  
  184  15:04  Liberator  
  184  15:05  Marine x3  
  184  15:06  Marine  
  185  15:08  Widow Mine  
  185  15:11  Widow Mine  
  185  15:12  Ghost  
  185  15:13  Ghost x2  
  188  15:21  Command Center  
  188  15:24  Marine, Widow Mine  
  188  15:26  Marine  
  183  15:28  Marauder, Marine  
  183  15:30  Marine, Widow Mine  
  186  15:41  Ghost, Marine x4  
  186  15:42  Viking, Marine, Marauder x2  
  187  15:44  Marine, Widow Mine  
  187  15:45  Widow Mine  
  187  15:49  Ghost, Missile Turret  
  192  15:51  Missile Turret  
  194  16:02  Ghost  
  194  16:03  Ghost  
  198  16:10  Ghost  
  197  16:18  Ghost  
  195  16:28  Marine x2  
  195  16:31  Ghost x2, Marine  
  200  16:42  Barracks x2  
  200  16:43  Barracks  
  200  16:47  Barracks  
  189  16:48  Missile Turret  
  189  16:55  Missile Turret  
Tags
 
Add a new tag
Caveats
  • Supply blocks, unpowered buildings, or Contaminate may cause inaccurate times.
  • Supply counts are checked every 10 seconds.